 Dungeon Crawl Stone Soup version 0.29.1-2-gbd0b4ee654 (webtiles) character file.

Game seed: 4957305048687661290

62665 styxcanada the Covert (level 14, -11/69 HPs)
             Began as a Spriggan Brigand on Nov 22, 2022.
             Was an Initiate of Gozag.
             Killed from afar by a fire dragon (40 damage)
             ... with a blast of flame
             ... on level 5 of the Lair of Beasts.
             The game lasted 02:06:26 (21252 turns).

styxcanada the Covert (Spriggan Brigand)           Turns: 21252, Time: 02:06:27

Health: -11/69     AC:  9    Str:  7    XL:     14   Next: 65%
Magic:  24/28      EV: 30    Int: 18    God:    Gozag
Gold:   3327       SH: 10    Dex: 33    Spells: 23/31 levels left

rFire   x . .      SeeInvis +   a - +5 dagger (chaos)
rCold   . . .      Faith    .   t - +0 buckler
rNeg    . . .      Spirit   .   c - +2 robe {Will+}
rPois   +          Reflect  .   N - +2 hat {SInv}
rElec   .          Harm     .   h - +2 cloak {rPois}
rCorr   .          Rampage  .   (gloves unavailable)
Will    +++..                   (boots unavailable)
Stlth   +++++++...              u - amulet of magic regeneration
HPRegen 0.21/turn               H - ring of the Madman {rF- Int+5 Dex+6}
MPRegen 0.61/turn               J - +6 ring of dexterity

@: confusing by touch, very slightly contaminated, very quick
A: very small, no large weapons, unfitting armour, see invisible, speed 3
a: Renounce Religion, Potion Petition, Call Merchant, Bribe Branch


You were on level 5 of the Lair of Beasts.
You worshipped Gozag.
Gozag was most pleased with you.
You visited 4 branches of the dungeon, and saw 18 of its levels.

You collected 5949 gold pieces.
You spent 1186 gold pieces at shops.
You paid 1436 gold pieces to Gozag.

Inventory:

Hand Weapons
 a - a +5 dagger of chaos (weapon)
 l - the +11 sling "Oluiduis" {venom, rF+ Will+ Int-5}
   (You found it on level 2 of the Dungeon)

   Any ammunition fired from it poisons the flesh of those it strikes.
   Int:       It affects your intelligence (-5).
   rF:        It protects you from fire.
   Will:      It increases your willpower.
 Q - a +2 short sword of protection
Missiles
 d - 70 poisoned darts (quivered)
 e - 9 curare-tipped darts
Armour
 c - a +2 robe of willpower (worn)
 h - a +2 cloak of poison resistance (worn)
 t - a +0 buckler (worn)
 A - a +0 robe of resistance
 N - a +2 hat of see invisible (worn)
Jewellery
 u - an amulet of magic regeneration (around neck)
 z - the ring of Jashrekeu {Fly rCorr}
   (You found it on level 4 of the Lair of Beasts)

   [ring of flight]

   Fly:       It grants you flight.
   rCorr:     It protects you from acid and corrosion.
 E - a +6 ring of intelligence
 H - the ring of the Madman (left hand) {rF- Int+5 Dex+6}
   (You bought it in a shop on level 10 of the Dungeon)

   [ring of dexterity]

   Int:       It affects your intelligence (+5).
   Dex:       It affects your dexterity (+6).
   rF:        It makes you vulnerable to fire.
 J - a +6 ring of dexterity (right hand)
 L - a +4 ring of slaying
 S - a ring of positive energy
Wands
 b - a wand of paralysis (16)
 p - a wand of mindburst (20)
 y - a wand of iceblast (19)
 C - a wand of digging (7)
 O - a wand of light (1)
 R - a wand of flame (2)
Scrolls
 g - 11 scrolls of teleportation
 i - 5 scrolls of identify
 q - 2 scrolls of enchant armour
 w - 5 scrolls of blinking
 x - a scroll of poison
 D - 2 scrolls of fear
 F - 5 scrolls of immolation
 M - a scroll of amnesia
Potions
 f - 7 potions of might
 j - a potion of curing
 k - 2 potions of haste
 m - 4 potions of mutation
 n - 3 potions of ambrosia
 o - 3 potions of heal wounds
 r - 4 potions of flight
 v - a potion of magic
 G - 2 potions of lignification
 I - 4 potions of brilliance
 P - a potion of resistance
Miscellaneous
 s - a lightning rod (4/4)
 B - a phial of floods
 K - a tin of tremorstones (2/2)


   Skills:
 + Level 5.8 Fighting
 + Level 3.8 Short Blades
 + Level 11.1 Ranged Weapons
 + Level 2.4 Throwing
 + Level 5.5 Armour
 * Level 9.5 Dodging
 * Level 14.9 Stealth
 + Level 5.1 Shields
 * Level 9.4 Spellcasting
 * Level 4.2 Conjurations
 * Level 8.9 Hexes
 * Level 2.3 Ice Magic
 * Level 5.4 Air Magic
 * Level 5.6 Poison Magic
 * Level 10.3 Evocations


You had 23 spell levels left.
You knew the following spells:

 Your Spells              Type           Power      Damage    Failure   Level
a - Confusing Touch       Hex            40%        N/A       1%          3
b - Mephitic Cloud        Conj/Pois/Air  26%        N/A       6%          3
c - Ensorcelled Hibernat  Hex/Ice        56%        N/A       2%          2

Your spell library contained the following spells:

 Spells                   Type           Power      Damage    Failure   Level
 Slow                     Hex            100%       N/A       1%          1
 Magic Dart               Conj           92%        1d7       2%          1
 Searing Ray              Conj           46%        2d6       4%          2
 Summon Guardian Golem    Hex/Summ       24%        N/A       8%          3
 Fulminant Prism          Conj/Hex       16%        3d11      11%         4
 Apportation              Tloc           16%        N/A       16%         1
 Spider Form              Tmut/Pois      18%        N/A       16%         3
 Ignite Poison            Fire/Tmut/Pois 15%        N/A       22%         3
 Blink                    Tloc           16%        N/A       24%         2
 Anguish                  Hex/Necr       12%        N/A       26%         4
 Lesser Beckoning         Tloc           8%         N/A       43%         3
 Vampiric Draining        Necr           8%         2d6       43%         3
 Iskenderun's Mystic Bla  Conj/Tloc      16%        2d5       56%         4
 Freezing Cloud           Conj/Ice/Air   11%        6-21      65%         5
 Alistair's Intoxication  Tmut/Pois      12%        N/A       82%         5
 Animate Armour           Summ/Erth      16%        N/A       85%         4
 Irradiate                Conj/Tmut      8%         3d14      88%         5
 Blade Hands              Tmut           4%         N/A       99%         5
 Borgnjor's Vile Clutch   Necr/Erth      4%         N/A       99%         5
 Lee's Rapid Deconstruct  Erth           4%         3d6*      99%         5
 Manifold Assault         Tloc           8%         N/A       99%         5
 Eringya's Noxious Bog    Tmut/Pois      9%         N/A       100%        6
 Iron Shot                Conj/Erth      8%         9d3       100%        6
 Dragon Form              Tmut           4%         N/A       100%        7
 Orb of Destruction       Conj           11%        9d6       100%        7
 Spellforged Servitor     Conj/Summ      8%         N/A       100%        7


Dungeon Overview and Level Annotations

Branches:
Dungeon (11/15)            Temple (1/1) D:4            Lair (5/5) D:11
  Swamp (0/4) Lair:3        Snake (0/4) Lair:2          Orc (1/2) D:10
  Slime: Lair:4-5

Altars:
Ashenzari
Cheibriados
Dithmenos
Elyvilon
Fedhas
Gozag
Hepliaklqana
Kikubaaqudgha
Nemelex Xobeh
Okawaru
Qazlal
Ru
Sif Muna
Trog
Uskayaw
Vehumet
Wu Jian
Xom
Yredelemnul
Zin
The Shining One

Shops:
D:7 [   D:10 ==   Lair:1 [


Innate Abilities, Weirdness & Mutations

You are very small and have problems with some larger weapons.
You are too small for most types of armour.
You have supernaturally acute eyesight. (SInv)
You cover ground extremely quickly. (Speed+++)


Message History

Your hands begin to glow red.
The iguana hisses angrily.
The fire dragon roars deafeningly!
The fire dragon breathes flames at you. The blast of flame misses you.
You hear a deafening roar!
You hear a roar!
Found 37 gold pieces and a potion of magic.
A swamp drake and a swamp dragon come into view.
The swamp dragon roars deafeningly!
You hear a roar!
The fire dragon breathes flames at you. The blast of flame hits you!!!
The fire burns you terribly!
Ouch! That really hurt!
You hear an angry hiss.
The iguana is engulfed in a cloud of scalding steam. 2 iguanas come into view.
The iguana hisses angrily.
The swamp drake breathes poison at you. The noxious blast misses you.
The fire dragon bites you. The fire dragon completely misses you.
You block the fire dragon's attack. The fire dragon misses you.
You block the fire dragon's attack. The fire dragon tramples you.
You stumble backwards!
An acid dragon comes into view.
You see here a +0 great mace.
Casting: Confusing Touch (safe; 1% risk of failure)
Confirm with . or Enter, or press ? or * to list all spells.
Aiming: Mephitic Cloud (dangerous; 6% risk of failure)
Press: ? - help, Shift-Dir - straight line, f - swamp dragon
Aim: a swamp dragon (chance to confuse on hit: 49%, not susceptible)
You miscast Mephitic Cloud.
You are very lightly contaminated with residual magic.
Nothing appears to happen.
Unknown command.
You hit the fire dragon but do no damage.
Casting: Mephitic Cloud (dangerous; 6% risk of failure)
Confirm with . or Enter, or press ? or * to list all spells.
Your hands begin to glow brighter.
The fire dragon breathes flames at you. The blast of flame hits you!!!
The fire burns you terribly!
Ouch! That really hurt!
You die...
Your body crumbles into a pile of gold.

♣♣♣~.~.♣♣ ♣..~≈~..♣♣
♣♣.~≈≈≈~..♣♣
♣♣♣..~~♣♣~~..♣ #####
♣♣...~~♣♣.~≈~.♣♣♣
##..#
♣♣....~♣♣♣.~~≈~..♣
....#
♣...~~♣♣?.$.~≈.~.♣
....#
♣♣..~≈♣♣♣?l.....♣♣♣
....#
♣♣.♣..~♣♣@D)k~≈≈~.♣
....#
♣....~~♣♣♣$D..≈≈~.♣
....#
♣....~♣.♣♣$ll..≈≈~.♣
....#
♣♣.♣♣~≈≈~.♣♣♣♣D~≈≈≈~♣
....# ♣..♣.~♣♣≈~.♣
..~~≈≈~♣ ....#
♣♣..~♣♣ .≈~♣♣♣.≈≈≈≈.♣
....# ♣.~~≈♣
.≈~♣♣..≈≈≈~♣ ....#
♣♣.~♣..♣ .~.≈ ♣D~≈≈~♣
....# ♣.≈.♣.$♣ ~♣♣


You could see a fire dragon (catching breath), a swamp dragon, a swamp drake, an
acid dragon and 3 iguanas.

Vanquished Creatures
  Gastronok (D:11)
  A dire elephant (Lair:4)
  4 boulder beetles
  An ice dragon (Lair:5)
  A hydra (Lair:4)
  Erolcha (D:11)
  Erica (D:9)
  2 alligators (Lair:4)
  3 two-headed ogres
  A death yak (Lair:4)
  Urug (D:11)
  Pikel (D:7)
  A wolf spider (Lair:5)
  3 manticores
  2 oklob plants
  A cyclops (D:11)
  7 black mambas
  Maurice (D:8)
  Joseph (D:7)
  13 elephants
  A torpor snail (Lair:5)
  Maggie (D:7)
  18 cane toads
  A rime drake (Lair:3)
  Psyche (D:8)
  5 komodo dragons
  9 polar bears (Lair:5)
  3 trolls
  3 hornets
  Prince Ribbit (D:8)
  29 blink frogs
  5 dream sheep
  4 wyverns
  2 wraiths
  A vampire (D:11)
  58 yaks
  3 basilisks
  3 steam dragons (Lair:5)
  4 wargs (Lair:5)
  An acid dragon (Lair:5)
  3 nagas (Lair:2)
  22 water moccasins
  17 hell hounds (Lair:5)
  A swamp drake (Lair:5)
  4 orc warriors (D:10)
  2 sky beasts (D:8)
  An ice beast (D:5)
  14 black bears
  30 wolves
  3 ogres
  A lemure (D:7)
  6 centaurs
  9 kobold brigands
  3 necrophages
  19 bullfrogs
  A gnoll sergeant (D:7)
  8 scorpions
  6 wights
  3 killer bees
  2 electric eels (Lair:4)
  3 howler monkeys
  2 hounds
  12 orc priests
  6 iguanas
  13 orc wizards
  12 hell rats (Lair:2)
  6 gnolls
  5 adders
  4 river rats (Lair:2)
  2 shadow imps (D:6)
  4 white imps
  An ufetubus (D:6)
  2 worms
  2 dart slugs
  39 orcs
  A bat (D:1)
  9 endoplasms
  3 giant cockroaches
  6 goblins
  4 hobgoblins (D:1)
  7 jackals (D:4)
  7 quokkas
  10 ball pythons
  A frilled lizard (D:1)
  11 kobolds
  10 rats
537 creatures vanquished.

Vanquished Creatures (others)
  65 fungi
  91 plants
156 creatures vanquished.

Grand Total: 693 creatures vanquished

Notes
Turn   | Place    | Note
-------+----------+-------------------------------------------
     0 | D:1      | styxcanada the Spriggan Brigand began the quest for the
                  | Orb.
     0 | D:1      | Reached XP level 1. HP: 10/10 MP: 2/2
   260 | D:1      | Reached skill level 6 in Stealth
   348 | D:1      | Reached XP level 2. HP: 15/15 MP: 3/3
  1144 | D:1      | Reached skill level 7 in Stealth
  1224 | D:1      | Reached XP level 3. HP: 17/18 MP: 4/4
  1787 | D:2      | Identified the +11 sling "Oluiduis" {venom, rF+ Will+
                  | Int-5}
  2124 | D:2      | Found a faded altar of an unknown god.
  2567 | D:3      | Reached XP level 4. HP: 23/23 MP: 5/5
  2695 | D:3      | You fall into a shaft and drop 2 floors!
  2695 | D:5      | Entered Level 5 of the Dungeon
  2733 | D:5      | Noticed a scorpion
  2740 | D:5      | Noticed a scorpion
  2746 | D:5      | Killed a scorpion
  2747 | D:5      | Reached skill level 1 in Ranged Weapons
  2747 | D:5      | Reached skill level 8 in Stealth
  2747 | D:5      | Reached XP level 5. HP: 25/26 MP: 5/7
  2748 | D:5      | Reached skill level 1 in Armour
  2748 | D:5      | Reached skill level 1 in Spellcasting
  2832 | D:5      | Reached XP level 6. HP: 31/31 MP: 7/9
  2836 | D:5      | Learned a level 3 spell: Confusing Touch
  2926 | D:5      | Noticed an ice beast
  2941 | D:5      | Killed an ice beast
  2942 | D:5      | Reached skill level 1 in Hexes
  2942 | D:5      | Reached XP level 7. HP: 26/35 MP: 9/11
  2946 | D:5      | Reached skill level 1 in Evocations
  2991 | D:4      | Found a bloodstained altar of Trog.
  3395 | D:4      | Found a staircase to the Ecumenical Temple.
  3409 | Temple   | Entered the Ecumenical Temple
  3628 | Temple   | Became a worshipper of Gozag Ym Sagoz the Greedy
  4621 | D:5      | Reached skill level 9 in Stealth
  4892 | D:6      | Reached XP level 8. HP: 30/40 MP: 12/12
  5037 | D:6      | Identified the +6 scale mail of Nefohoim {Str+5 Dex+4}
  5124 | D:6      | Reached skill level 1 in Shields
  5364 | D:6      | Reached skill level 5 in Ranged Weapons
  5521 | D:6      | Noticed a hornet
  5528 | D:6      | Killed a hornet
  5789 | D:7      | Found an iron altar of Okawaru.
  5805 | D:7      | Found Tera's Antique Armour Shoppe.
  5813 | D:7      | Noticed Joseph
  5818 | D:7      | Reached XP level 9. HP: 14/45 MP: 15/15
  5822 | D:7      | Killed Joseph
  5823 | D:7      | Reached skill level 5 in Dodging
  6282 | D:7      | Noticed Maggie
  6289 | D:7      | Killed Maggie
  6290 | D:7      | Reached skill level 10 in Stealth
  6713 | D:7      | Noticed Pikel
  6740 | D:7      | Killed Pikel
  7249 | D:8      | Noticed Prince Ribbit
  7255 | D:8      | Killed Prince Ribbit
  7267 | D:8      | Noticed Psyche
  7273 | D:8      | Killed Psyche
  7274 | D:8      | Reached XP level 10. HP: 51/51 MP: 18/18
  7586 | D:8      | Noticed Maurice
  7598 | D:8      | Killed Maurice
  7706 | D:8      | Reached skill level 5 in Spellcasting
  7723 | D:8      | Reached skill level 5 in Evocations
  8625 | D:9      | Noticed a two-headed ogre
  8634 | D:9      | Killed a two-headed ogre
  8935 | D:9      | Noticed Erica
  8943 | D:9      | Killed Erica
  8944 | D:9      | Reached skill level 11 in Stealth
  8944 | D:9      | Reached skill level 5 in Hexes
  9328 | D:9      | Reached XP level 11. HP: 44/54 MP: 20/20
  9429 | D:9      | Learned a level 3 spell: Mephitic Cloud
  9513 | D:9      | Noticed a two-headed ogre
  9542 | D:9      | Killed a two-headed ogre
  9639 | D:10     | Entered Level 10 of the Dungeon
  9711 | D:10     | Found Viud's One-of-a-Kind Rings.
  9722 | D:10     | Bought the ring of the Madman {rF- Int+5 Dex+6} for 465
                  | gold pieces
 10045 | D:10     | Reached skill level 1 in Air Magic
 10254 | D:10     | Reached skill level 1 in Conjurations
 10267 | D:10     | Reached skill level 1 in Poison Magic
 10414 | D:10     | Found a staircase to the Orcish Mines.
 10574 | Orc:1    | Entered Level 1 of the Orcish Mines
 10581 | D:10     | Bought a +6 ring of dexterity for 504 gold pieces
 10612 | D:11     | Noticed Urug
 10616 | D:11     | Found a staircase to the Lair.
 10650 | D:11     | Killed Urug
 10719 | D:11     | Reached skill level 5 in Fighting
 10935 | D:11     | Noticed a boulder beetle
 11062 | D:11     | Killed a boulder beetle
 11469 | D:11     | Noticed Gastronok
 11488 | D:11     | Killed Gastronok
 11489 | D:11     | Reached skill level 12 in Stealth
 11549 | D:11     | Reached XP level 12. HP: 60/60 MP: 22/22
 11620 | D:11     | Noticed a two-headed ogre
 11652 | D:11     | Found a blossoming altar of Fedhas.
 11659 | D:11     | Killed a two-headed ogre
 11930 | D:11     | Noticed Erolcha
 11937 | D:11     | Killed Erolcha
 12001 | Lair:1   | Entered Level 1 of the Lair of Beasts
 12946 | Lair:1   | Reached skill level 13 in Stealth
 13379 | Lair:1   | Bought a glowing cloak for 217 gold pieces
 13530 | Lair:2   | Identified the +5 robe of the Constellations {rN+ Will-
                  | Dex+9}
 14080 | Lair:2   | Reached skill level 5 in Armour
 14300 | Lair:2   | Reached XP level 13. HP: 63/63 MP: 25/25
 14670 | Lair:2   | Found a staircase to the Snake Pit.
 15106 | Lair:2   | Reached skill level 10 in Ranged Weapons
 15398 | Lair:3   | Found a shimmering altar of Xom.
 16103 | Lair:3   | Found a staircase to the Swamp.
 17131 | Lair:4   | Reached skill level 14 in Stealth
 17222 | Lair:4   | Identified the ring of Jashrekeu {Fly rCorr}
 17423 | Lair:4   | Noticed a dire elephant
 17476 | Lair:4   | Killed a dire elephant
 18142 | Lair:4   | Learned a level 2 spell: Ensorcelled Hibernation
 18298 | Lair:5   | Entered Level 5 of the Lair of Beasts
 18312 | Lair:5   | Reached XP level 14. HP: 68/68 MP: 27/27
 18357 | Lair:5   | Reached skill level 5 in Poison Magic
 18571 | Lair:5   | Reached skill level 1 in Ice Magic
 19012 | Lair:5   | Reached skill level 10 in Evocations
 19046 | Lair:5   | Reached skill level 5 in Air Magic
 20107 | Lair:5   | Reached skill level 5 in Shields
 21252 | Lair:5   | Killed from afar by a fire dragon

Illustrated notes

Levels and vault maps discovered:
D:1:      eino_arrival_water_star, layout_basic
D:2:      layout_loops_cross, basic_ecumenical_altar
D:3:      layout_rooms
D:4:      layout_gridville, mainiacjoe_overflow_catwalk,
          minmay_temple_entry_proselytizer
D:5:      layout_basic, minmay_misc_feat_encased
D:6:      layout_cave_pools, reono_crystal_passage, hangedman_decor_peaks_small
D:7:      layout_basic, okawaru_ov_weapons_minmay, serial_shops, shop,
          minmay_crossroads, uniq_maggie, uniq_pikel, uniq_joseph
D:8:      layout_loops_corners, uniq_prince_ribbit1, uniq_psyche, uniq_maurice
D:9:      layout_roguey, kennysheep_crisscross, uniq_erica
D:10:     layout_roguey, kennysheep_orc_monster_closet_entryway,
          nicolae_shop_unique_rings
D:11:     layout_rooms, due_lair_maze_entry_diamond,
          fedhas_bush_and_centaur_altar, uniq_erolcha, uniq_gastronok, uniq_urug
Temple:   mainiacjoe_temple_big_plus
Lair:1:   beast_lair_carwin_large_3, layout_loops_ring
Lair:2:   layout_regular_city, minmay_snake_entry_guardpost_small,
          kennysheep_abandoned_house
Lair:3:   layout_chaotic_city, swamp_mist_pool, basic_altar
Lair:4:   layout_cave_shapes, nicolae_lair_lakeside_cave, lemuel_fruit_tree,
          infiniplex_staircase_pool_2
Lair:5:   guppyfry_lair_end_dragon, layout_regular_city,
          hangedman_lair_caniforms_friends, slime_entry_1,
          bobbens_ice_dragon_lair
Orc:1:    layout_caves, serial_shops, nicolae_shop_bloodbath_and_beyond,
          minmay_shop_enchanted_jewellery, nicolae_orc_sculptors_studio,
          uniq_harold, uniq_snorg

Skill      XL: |  1  2  3  4  5  6  7  8  9 10 11 12 13 14 |
---------------+-------------------------------------------+-----
Stealth        | 6 7 8 9 10 11 12 13 14 | 14.9
Fighting       | 2 3 4 5 |  5.8
Ranged Weapons | 1 2 3 4 5 6 8 9 10 11 | 11.1
Dodging        | 2 3 4 6 7 8 9 |  9.5
Armour         | 1 2 3 4 5 |  5.5
Spellcasting   | 1 2 3 4 5 6 7 8 9 |  9.4
Hexes          | 1 3 4 5 6 7 8 |  8.9
Evocations     | 1 3 4 6 7 8 9 10 | 10.3
Shields        | 1 2 3 4 5 |  5.1
Short Blades   | 3 |  3.8
Air Magic      | 1 3 4 5 |  5.4
Conjurations   | 1 2 3 4 |  4.2
Poison Magic   | 1 3 4 5 |  5.6
Ice Magic      | 2 |  2.3
Throwing       | |  2.4

Action                   |  1- 3 |  4- 6 |  7- 9 | 10-12 | 13-15 || total
-------------------------+-------+-------+-------+-------+-------++-------
Melee: Dagger            |    88 |       |    57 |   127 |   290 ||   562
       Punch             |     1 |       |       |       |       ||     1
 Fire: Sling             |    23 |    36 |   162 |   497 |   514 ||  1232
Throw: Dart              |     9 |       |       |     7 |    20 ||    36
 Cast: Confusing Touch   |       |       |       |    12 |    53 ||    65
       Mephitic Cloud    |       |       |       |       |     6 ||     6
       Ensorcelled Hiber |       |       |       |       |     1 ||     1
Invok: Call Merchant     |       |       |       |     2 |       ||     2
Evoke: Wand              |       |       |     1 |     6 |    10 ||    17
       Lightning rod     |       |       |       |     5 |     4 ||     9
       Phial of floods   |       |       |       |     1 |       ||     1
  Use: Scroll            |     6 |       |    10 |     7 |     6 ||    29
       Potion            |       |       |       |     5 |     2 ||     7
 Stab: Sleeping          |    10 |       |     1 |     8 |     1 ||    20
       Distracted        |       |       |     1 |       |     5 ||     6
       Confused          |       |       |     1 |    10 |    48 ||    59
       Paralysed         |       |       |       |     1 |       ||     1
       Invisible         |       |       |       |       |     3 ||     3
Armor: Robe              |     9 |       |    15 |    19 |    34 ||    77
       Fire dragon scale |       |       |     6 |    13 |       ||    19
Dodge: Dodged            |    64 |     2 |    82 |   182 |   377 ||   707
Block: Buckler           |       |       |    35 |   118 |   222 ||   375
